[ AOE2 MATCH · #480504111 ]
Team RMBritons vs Teutons
[ REPLAY ANALYSIS · EXTRACTED FROM THE RECORDED GAME ]
Feudal
10:35
Castle
23:26
Imperial
31:47
| APM avg | 37.4 |
| APM peak | 78 |
| eAPM avg | 12.8 |
| Villagers / military | 86 / 72 |
Focus
⚔️ 34.1% · 🌾 65.9%
Archer ×66 · Spearman ×6
Feudal
10:17
Castle
20:56
Imperial
—
| APM avg | 23.6 |
| APM peak | 62 |
| eAPM avg | 13.8 |
| Villagers / military | 100 / 65 |
Focus
⚔️ 18.1% · 🌾 81.9%
Knight ×57 · Scout Cavalry ×8
Feudal
10:01
Castle
23:11
Imperial
—
| APM avg | 20.3 |
| APM peak | 64 |
| eAPM avg | 12.9 |
| Villagers / military | 76 / 36 |
Focus
⚔️ 25.6% · 🌾 74.4%
Spearman ×16 · Huskarl ×7 · Militia ×7 · Skirmisher ×6
Feudal
10:30
Castle
23:29
Imperial
—
| APM avg | 30.5 |
| APM peak | 67 |
| eAPM avg | 12.9 |
| Villagers / military | 91 / 45 |
Focus
⚔️ 22.6% · 🌾 77.4%
Knight ×22 · Skirmisher ×18 · Scout Cavalry ×3 · Militia ×1 · Mangonel ×1
Match map
Initial resources + every placement click. Lines = walls · curves = elevation contours. ◆ gold · ⬟ stone · ● berries · ✦ relic · ◌ wall gap
Your base· ✓ Closed at 23:26 · 43t walls · 1 gate(s)
jxst_flxsh38's base· Open — unwalled flank
fede86sando's base· ✓ Closed at 23:11 · 48t walls · 1 gate(s)
Cuore_Punk's base· ✓ Closed at 23:29 · 0t walls · 1 gate(s)
Smoothed initial terrain · ◌ = detected wall gap · hover for details
Inputs per minute
— Manu - - jxst_flxsh38
Build order — Manu
First 150 of 247 actions detected
| 0:00 | Create | Villager (Male) |
| 0:01 | Create | Villager (Male) |
| 0:01 | Create | Villager (Male) |
| 0:04 | Build | House |
| 0:05 | Build | House |
| 0:30 | Create | Villager (Male) |
| 1:19 | Create | Villager (Male) |
| 1:42 | Create | Villager (Male) |
| 2:03 | Create | Villager (Male) |
| 2:03 | Create | Villager (Male) |
| 2:15 | Build | Lumber Camp |
| 2:29 | Create | Villager (Male) |
| 2:29 | Create | Villager (Male) |
| 2:59 | Create | Villager (Male) |
| 3:22 | Create | Villager (Male) |
| 3:22 | Create | Villager (Male) |
| 3:46 | Create | Villager (Male) |
| 3:46 | Create | Villager (Male) |
| 3:59 | Build | House |
| 4:10 | Create | Villager (Male) |
| 4:10 | Create | Villager (Male) |
| 4:15 | Create | Villager (Male) |
| 4:15 | Create | Villager (Male) |
| 4:19 | Build | House |
| 4:42 | Build | House |
| 5:17 | Build | House |
| 6:03 | Create | Villager (Male) |
| 6:03 | Create | Villager (Male) |
| 6:03 | Create | Villager (Male) |
| 6:17 | Create | Villager (Male) |
| 6:17 | Create | Villager (Male) |
| 6:17 | Create | Villager (Male) |
| 6:29 | Research | Loom |
| 6:47 | Create | Villager (Male) |
| 6:48 | Create | Villager (Male) |
| 6:56 | Create | Villager (Male) |
| 6:57 | Create | Villager (Male) |
| 7:11 | Create | Villager (Male) |
| 7:22 | Build | Mill |
| 8:25 | Research | Feudal Age |
| 8:34 | Build | Barracks |
| 9:03 | Build | Palisade Wall |
| 9:24 | Build | Palisade Gate |
| 9:40 | Build | Palisade Wall |
| 9:47 | Build | Palisade Wall |
| 9:58 | Build | Mining Camp |
| 10:18 | Build | Palisade Wall |
| 10:35 | Age | Feudal Age |
| 10:39 | Create | Villager (Male) |
| 10:40 | Create | Villager (Male) |
| 10:46 | Research | Double-Bit Axe |
| 10:47 | Create | Villager (Male) |
| 11:02 | Build | Archery Range |
| 11:09 | Create | Villager (Male) |
| 11:17 | Create | Villager (Male) |
| 11:29 | Build | Blacksmith |
| 11:32 | Create | Villager (Male) |
| 11:37 | Create | Villager (Male) |
| 11:47 | Build | Archery Range |
| 11:58 | Build | Palisade Wall |
| 12:05 | Create | Villager (Male) |
| 12:10 | Build | House |
| 12:13 | Build | House |
| 12:18 | Build | House |
| 12:22 | Research | Fletching |
| 12:25 | Create | Archer |
| 12:25 | Create | Archer |
| 13:08 | Create | Archer |
| 13:08 | Create | Archer |
| 13:11 | Build | Farm |
| 13:15 | Build | Farm |
| 13:18 | Create | Archer |
| 13:19 | Create | Archer |
| 13:37 | Create | Villager (Male) |
| 13:43 | Build | House |
| 13:47 | Create | Archer |
| 13:47 | Create | Archer |
| 13:53 | Build | Farm |
| 13:56 | Build | Farm |
| 13:58 | Build | Farm |
| 14:07 | Build | House |
| 14:15 | Create | Archer |
| 14:15 | Create | Archer |
| 14:35 | Create | Villager (Male) |
| 14:36 | Create | Villager (Male) |
| 14:39 | Create | Archer |
| 14:40 | Create | Archer |
| 14:52 | Build | House |
| 14:57 | Build | House |
| 14:59 | Build | House |
| 15:03 | Create | Spearman |
| 15:16 | Build | Farm |
| 15:31 | Build | Lumber Camp |
| 15:33 | Create | Archer |
| 15:33 | Create | Archer |
| 15:44 | Create | Villager (Male) |
| 15:45 | Create | Villager (Male) |
| 15:48 | Build | Farm |
| 15:51 | Build | Farm |
| 16:04 | Build | House |
| 16:14 | Create | Villager (Male) |
| 16:14 | Create | Villager (Male) |
| 16:24 | Create | Spearman |
| 16:49 | Create | Villager (Male) |
| 16:49 | Create | Villager (Male) |
| 17:06 | Build | Farm |
| 17:10 | Build | Farm |
| 17:14 | Create | Archer |
| 17:15 | Create | Archer |
| 17:23 | Create | Villager (Male) |
| 17:23 | Create | Villager (Male) |
| 17:34 | Build | Farm |
| 17:47 | Create | Archer |
| 18:18 | Build | Farm |
| 18:21 | Build | Farm |
| 18:24 | Build | Farm |
| 18:42 | Create | Villager (Male) |
| 18:43 | Create | Villager (Male) |
| 18:43 | Create | Villager (Male) |
| 18:55 | Create | Villager (Male) |
| 18:55 | Create | Villager (Male) |
| 19:09 | Build | Farm |
| 19:10 | Build | Farm |
| 19:13 | Build | Farm |
| 19:37 | Create | Villager (Male) |
| 19:38 | Create | Villager (Male) |
| 19:42 | Build | Market |
| 19:49 | Create | Archer |
| 19:49 | Create | Archer |
| 19:49 | Create | Archer |
| 20:11 | Build | Farm |
| 20:21 | Build | House |
| 20:24 | Create | Spearman |
| 20:46 | Research | Castle Age |
| 20:51 | Create | Archer |
| 20:51 | Create | Archer |
| 20:51 | Create | Archer |
| 20:51 | Create | Archer |
| 20:52 | Create | Archer |
| 20:57 | Build | Farm |
| 21:03 | Build | Palisade Wall |
| 21:44 | Create | Villager (Male) |
| 21:57 | Create | Archer |
| 21:57 | Create | Archer |
| 21:57 | Create | Archer |
| 22:03 | Build | House |
| 22:11 | Build | House |
| 22:28 | Research | Horse Collar |
| 22:34 | Research | Gold Mining |
| 23:26 | Age | Castle Age |
Build order — jxst_flxsh38
First 150 of 278 actions detected
| 0:01 | Create | Villager (Male) |
| 0:01 | Create | Villager (Male) |
| 0:01 | Create | Villager (Male) |
| 0:02 | Create | Villager (Male) |
| 0:03 | Build | House |
| 0:06 | Build | House |
| 1:37 | Create | Villager (Male) |
| 1:44 | Build | Lumber Camp |
| 2:01 | Create | Villager (Male) |
| 2:40 | Create | Villager (Male) |
| 2:55 | Create | Villager (Male) |
| 2:56 | Create | Villager (Male) |
| 4:26 | Create | Villager (Male) |
| 4:51 | Create | Villager (Male) |
| 4:52 | Create | Villager (Male) |
| 4:58 | Build | House |
| 5:14 | Research | Loom |
| 5:16 | Create | Villager (Male) |
| 5:17 | Create | Villager (Male) |
| 6:18 | Create | Villager (Male) |
| 6:18 | Create | Villager (Male) |
| 6:19 | Create | Villager (Male) |
| 6:52 | Build | Mill |
| 6:56 | Create | Villager (Male) |
| 7:37 | Research | Loom |
| 8:07 | Research | Feudal Age |
| 8:32 | Build | Mill |
| 8:38 | Create | Villager (Male) |
| 10:00 | Create | Villager (Male) |
| 10:17 | Age | Feudal Age |
| 10:21 | Build | House |
| 10:25 | Build | House |
| 10:30 | Build | House |
| 10:31 | Build | House |
| 10:33 | Build | House |
| 10:41 | Build | Stable |
| 11:09 | Create | Villager (Male) |
| 11:09 | Create | Villager (Male) |
| 11:35 | Create | Scout Cavalry |
| 11:36 | Create | Scout Cavalry |
| 11:36 | Create | Scout Cavalry |
| 11:41 | Build | Mining Camp |
| 11:45 | Build | Mining Camp |
| 11:52 | Create | Villager (Male) |
| 11:52 | Create | Villager (Male) |
| 12:35 | Create | Scout Cavalry |
| 12:42 | Build | Farm |
| 12:43 | Build | Farm |
| 12:43 | Build | Farm |
| 12:44 | Build | Farm |
| 12:44 | Build | Farm |
| 12:48 | Create | Villager (Male) |
| 13:29 | Build | Farm |
| 13:48 | Create | Scout Cavalry |
| 13:56 | Build | Farm |
| 13:59 | Create | Villager (Male) |
| 14:11 | Create | Scout Cavalry |
| 14:30 | Create | Scout Cavalry |
| 14:41 | Create | Villager (Male) |
| 14:48 | Create | Scout Cavalry |
| 14:59 | Build | Farm |
| 15:00 | Build | Farm |
| 15:03 | Build | House |
| 15:58 | Build | Farm |
| 16:00 | Create | Villager (Male) |
| 16:00 | Create | Villager (Male) |
| 16:53 | Research | Horse Collar |
| 17:02 | Build | Farm |
| 17:02 | Build | Farm |
| 17:20 | Create | Villager (Male) |
| 17:20 | Create | Villager (Male) |
| 17:52 | Build | Farm |
| 18:16 | Research | Castle Age |
| 18:16 | Research | Castle Age |
| 18:20 | Build | Farm |
| 18:48 | Build | Farm |
| 20:52 | Create | Villager (Male) |
| 20:52 | Create | Villager (Male) |
| 20:56 | Age | Castle Age |
| 20:58 | Create | Knight |
| 20:59 | Create | Knight |
| 20:59 | Create | Knight |
| 21:39 | Create | Knight |
| 21:46 | Create | Villager (Male) |
| 21:57 | Create | Knight |
| 22:00 | Build | Stable |
| 22:05 | Build | Stable |
| 22:20 | Create | Villager (Male) |
| 22:20 | Create | Villager (Male) |
| 22:21 | Create | Villager (Male) |
| 22:26 | Research | Gold Mining |
| 22:30 | Research | Double-Bit Axe |
| 22:44 | Build | Farm |
| 22:47 | Build | Farm |
| 23:00 | Create | Knight |
| 23:01 | Create | Knight |
| 23:05 | Research | Husbandry |
| 23:13 | Create | Villager (Male) |
| 23:13 | Create | Villager (Male) |
| 23:23 | Build | Farm |
| 23:28 | Build | Farm |
| 23:28 | Build | Farm |
| 23:30 | Create | Villager (Male) |
| 23:33 | Create | Knight |
| 23:37 | Create | Knight |
| 24:01 | Build | Mining Camp |
| 24:05 | Create | Villager (Male) |
| 24:47 | Create | Knight |
| 24:48 | Create | Knight |
| 24:55 | Build | House |
| 24:57 | Build | House |
| 25:47 | Create | Knight |
| 25:47 | Create | Knight |
| 25:48 | Create | Knight |
| 25:48 | Create | Knight |
| 26:11 | Create | Villager (Male) |
| 26:12 | Create | Villager (Male) |
| 26:12 | Create | Villager (Male) |
| 26:54 | Build | House |
| 26:55 | Build | House |
| 26:59 | Create | Villager (Male) |
| 27:00 | Research | Bow Saw |
| 27:05 | Create | Knight |
| 27:06 | Create | Knight |
| 27:06 | Create | Knight |
| 27:06 | Create | Knight |
| 27:06 | Create | Knight |
| 27:11 | Build | House |
| 27:44 | Create | Villager (Male) |
| 28:36 | Build | Farm |
| 28:38 | Create | Villager (Male) |
| 28:38 | Create | Villager (Male) |
| 28:39 | Create | Villager (Male) |
| 28:48 | Build | Town Center |
| 28:55 | Build | Lumber Camp |
| 29:00 | Create | Villager (Male) |
| 29:07 | Build | Town Center |
| 30:05 | Build | Farm |
| 30:05 | Build | Farm |
| 30:05 | Build | Farm |
| 30:05 | Build | Farm |
| 30:05 | Build | Farm |
| 30:06 | Build | Farm |
| 30:21 | Create | Villager (Male) |
| 30:21 | Create | Villager (Male) |
| 30:21 | Create | Villager (Male) |
| 30:22 | Create | Villager (Male) |
| 30:22 | Create | Villager (Male) |
| 30:22 | Create | Villager (Male) |
| 30:22 | Create | Villager (Male) |
Build order — fede86sando
First 150 of 200 actions detected
| 0:04 | Create | Villager (Male) |
| 0:05 | Create | Villager (Male) |
| 0:05 | Create | Villager (Male) |
| 0:05 | Create | Villager (Male) |
| 0:08 | Build | House |
| 0:12 | Build | House |
| 1:34 | Create | Villager (Male) |
| 1:35 | Create | Villager (Male) |
| 1:50 | Build | Lumber Camp |
| 2:06 | Create | Villager (Male) |
| 2:34 | Create | Villager (Male) |
| 2:57 | Create | Villager (Male) |
| 2:58 | Create | Villager (Male) |
| 3:18 | Create | Villager (Male) |
| 3:18 | Create | Villager (Male) |
| 3:29 | Build | House |
| 3:45 | Create | Villager (Male) |
| 3:45 | Create | Villager (Male) |
| 4:05 | Create | Villager (Male) |
| 4:05 | Create | Villager (Male) |
| 4:06 | Create | Villager (Male) |
| 4:09 | Build | Mill |
| 4:51 | Create | Villager (Male) |
| 4:51 | Create | Villager (Male) |
| 4:51 | Create | Villager (Male) |
| 5:23 | Build | House |
| 5:35 | Create | Villager (Male) |
| 5:35 | Create | Villager (Male) |
| 5:45 | Research | Loom |
| 6:11 | Create | Villager (Male) |
| 6:12 | Create | Villager (Male) |
| 6:25 | Create | Villager (Male) |
| 6:56 | Create | Villager (Male) |
| 7:26 | Create | Villager (Male) |
| 7:48 | Research | Feudal Age |
| 8:00 | Build | Barracks |
| 8:48 | Build | Mining Camp |
| 8:56 | Build | House |
| 9:03 | Create | Militia |
| 9:04 | Create | Militia |
| 9:10 | Create | Villager (Male) |
| 9:27 | Create | Villager (Male) |
| 9:36 | Build | Palisade Wall |
| 9:55 | Build | House |
| 10:01 | Age | Feudal Age |
| 10:12 | Research | Man-at-Arms (upgrade) |
| 10:14 | Create | Villager (Male) |
| 10:35 | Create | Villager (Male) |
| 10:38 | Research | Double-Bit Axe |
| 10:46 | Build | Blacksmith |
| 10:54 | Create | Militia |
| 10:54 | Create | Militia |
| 10:54 | Create | Militia |
| 11:26 | Build | House |
| 11:29 | Build | Palisade Wall |
| 11:31 | Create | Villager (Male) |
| 11:36 | Build | Farm |
| 11:51 | Build | Farm |
| 11:52 | Build | Farm |
| 11:57 | Build | Farm |
| 12:00 | Create | Villager (Male) |
| 12:22 | Create | Villager (Male) |
| 12:25 | Create | Militia |
| 12:25 | Create | Militia |
| 12:56 | Create | Villager (Male) |
| 12:57 | Create | Villager (Male) |
| 13:06 | Build | Archery Range |
| 13:39 | Create | Spearman |
| 13:39 | Create | Spearman |
| 13:39 | Create | Spearman |
| 13:42 | Build | Farm |
| 13:43 | Build | Farm |
| 14:04 | Create | Spearman |
| 14:13 | Create | Villager (Male) |
| 14:14 | Create | Villager (Male) |
| 14:14 | Create | Villager (Male) |
| 14:21 | Build | Farm |
| 14:43 | Build | Palisade Wall |
| 14:52 | Build | House |
| 14:53 | Build | House |
| 15:01 | Build | Palisade Wall |
| 15:18 | Build | Palisade Wall |
| 15:20 | Create | Villager (Male) |
| 15:20 | Create | Villager (Male) |
| 15:24 | Build | Farm |
| 15:26 | Build | Farm |
| 15:27 | Build | Farm |
| 15:27 | Build | Farm |
| 15:36 | Create | Spearman |
| 15:37 | Create | Spearman |
| 15:50 | Research | Wheelbarrow |
| 16:05 | Create | Spearman |
| 16:15 | Build | Farm |
| 16:16 | Build | Farm |
| 16:19 | Build | Farm |
| 16:21 | Create | Villager (Male) |
| 16:55 | Create | Spearman |
| 16:56 | Create | Spearman |
| 16:59 | Build | Farm |
| 17:00 | Build | Farm |
| 17:01 | Build | Farm |
| 17:06 | Build | Farm |
| 17:06 | Build | Farm |
| 17:26 | Create | Villager (Male) |
| 17:30 | Build | Farm |
| 17:31 | Build | Farm |
| 18:02 | Create | Villager (Male) |
| 18:05 | Build | Farm |
| 18:06 | Build | Farm |
| 18:07 | Build | Farm |
| 18:44 | Create | Villager (Male) |
| 18:50 | Build | Farm |
| 18:51 | Build | Farm |
| 19:06 | Build | Palisade Gate |
| 19:16 | Create | Villager (Male) |
| 19:17 | Create | Villager (Male) |
| 19:34 | Build | Mining Camp |
| 19:50 | Create | Villager (Male) |
| 20:02 | Build | Market |
| 20:08 | Build | House |
| 20:29 | Research | Castle Age |
| 20:29 | Research | Castle Age |
| 20:46 | Research | Stone Mining |
| 21:08 | Build | Barracks |
| 21:35 | Create | Spearman |
| 21:35 | Create | Spearman |
| 21:52 | Build | House |
| 21:53 | Build | House |
| 21:54 | Build | House |
| 22:12 | Research | Gold Mining |
| 22:16 | Research | Horse Collar |
| 22:18 | Create | Villager (Male) |
| 22:19 | Create | Villager (Male) |
| 22:26 | Create | Spearman |
| 22:26 | Create | Spearman |
| 23:07 | Build | Lumber Camp |
| 23:11 | Age | Castle Age |
| 23:24 | Research | Fletching |
| 24:03 | Create | Skirmisher |
| 24:03 | Create | Skirmisher |
| 24:03 | Create | Skirmisher |
| 24:04 | Create | Skirmisher |
| 24:06 | Build | Farm |
| 24:42 | Build | Farm |
| 24:44 | Research | Hand Cart |
| 25:17 | Build | Farm |
| 25:20 | Create | Villager (Male) |
| 25:20 | Create | Villager (Male) |
| 25:32 | Research | Pikeman (upgrade) |
| 25:58 | Build | Castle |
Build order — Cuore_Punk
First 150 of 247 actions detected
| 0:02 | Create | Villager (Male) |
| 0:03 | Create | Villager (Male) |
| 0:03 | Create | Villager (Male) |
| 0:03 | Create | Villager (Male) |
| 0:07 | Build | House |
| 0:13 | Build | House |
| 1:34 | Create | Villager (Male) |
| 2:02 | Create | Villager (Male) |
| 2:50 | Build | Lumber Camp |
| 2:55 | Create | Villager (Male) |
| 3:09 | Create | Villager (Male) |
| 3:27 | Create | Villager (Male) |
| 3:34 | Build | House |
| 3:48 | Create | Villager (Male) |
| 4:14 | Create | Villager (Male) |
| 4:40 | Create | Villager (Male) |
| 5:11 | Create | Villager (Male) |
| 5:13 | Create | Villager (Male) |
| 5:41 | Create | Villager (Male) |
| 5:58 | Create | Villager (Male) |
| 6:03 | Build | House |
| 6:33 | Build | Mill |
| 6:34 | Create | Villager (Male) |
| 7:24 | Create | Villager (Male) |
| 7:25 | Research | Loom |
| 7:53 | Research | Feudal Age |
| 8:37 | Build | Barracks |
| 8:41 | Build | House |
| 9:43 | Build | Mining Camp |
| 10:18 | Build | House |
| 10:30 | Age | Feudal Age |
| 10:32 | Research | Double-Bit Axe |
| 10:36 | Create | Villager (Male) |
| 10:37 | Create | Villager (Male) |
| 10:59 | Build | House |
| 11:07 | Create | Villager (Male) |
| 11:26 | Build | Stable |
| 11:28 | Create | Villager (Male) |
| 11:57 | Build | House |
| 12:10 | Build | Palisade Gate |
| 12:20 | Build | House |
| 12:20 | Create | Villager (Male) |
| 12:20 | Create | Villager (Male) |
| 12:28 | Build | House |
| 12:29 | Build | House |
| 12:31 | Build | House |
| 12:36 | Create | Scout Cavalry |
| 12:36 | Create | Scout Cavalry |
| 12:36 | Create | Scout Cavalry |
| 12:53 | Build | House |
| 12:54 | Create | Villager (Male) |
| 13:09 | Research | Bloodlines |
| 13:38 | Create | Villager (Male) |
| 13:39 | Create | Villager (Male) |
| 13:48 | Build | Farm |
| 13:48 | Build | Farm |
| 13:48 | Build | Farm |
| 13:49 | Build | Farm |
| 13:49 | Build | Farm |
| 13:49 | Build | Farm |
| 13:49 | Build | Farm |
| 13:49 | Build | Farm |
| 13:50 | Build | Farm |
| 13:52 | Build | Farm |
| 13:54 | Build | Farm |
| 13:56 | Build | House |
| 13:57 | Build | House |
| 13:57 | Create | Villager (Male) |
| 14:22 | Build | House |
| 14:23 | Build | House |
| 14:53 | Build | Farm |
| 14:55 | Create | Villager (Male) |
| 15:10 | Build | Archery Range |
| 15:11 | Create | Villager (Male) |
| 15:28 | Create | Villager (Male) |
| 15:41 | Build | Market |
| 15:42 | Create | Villager (Male) |
| 16:00 | Create | Villager (Male) |
| 16:07 | Build | Farm |
| 16:07 | Build | Farm |
| 16:09 | Build | Farm |
| 16:14 | Create | Skirmisher |
| 16:14 | Create | Skirmisher |
| 16:17 | Build | Farm |
| 16:20 | Build | House |
| 16:21 | Create | Villager (Male) |
| 16:40 | Build | Farm |
| 16:55 | Create | Villager (Male) |
| 17:01 | Build | Watch Tower |
| 17:06 | Build | House |
| 17:07 | Build | House |
| 17:09 | Build | House |
| 17:10 | Build | House |
| 17:12 | Build | House |
| 17:13 | Create | Villager (Male) |
| 17:19 | Build | Blacksmith |
| 17:29 | Create | Skirmisher |
| 17:29 | Create | Skirmisher |
| 17:40 | Create | Villager (Male) |
| 17:48 | Build | Farm |
| 18:17 | Create | Villager (Male) |
| 18:21 | Build | Farm |
| 18:23 | Build | Farm |
| 18:30 | Research | Fletching |
| 18:35 | Build | Farm |
| 18:41 | Create | Villager (Male) |
| 19:06 | Create | Villager (Male) |
| 19:10 | Build | Mining Camp |
| 19:28 | Build | Farm |
| 19:30 | Build | Farm |
| 19:33 | Create | Skirmisher |
| 19:33 | Create | Skirmisher |
| 19:39 | Build | Farm |
| 19:58 | Create | Villager (Male) |
| 20:02 | Build | Farm |
| 20:49 | Research | Castle Age |
| 21:19 | Create | Skirmisher |
| 21:19 | Create | Skirmisher |
| 21:20 | Create | Skirmisher |
| 21:57 | Create | Skirmisher |
| 21:57 | Create | Skirmisher |
| 21:57 | Create | Skirmisher |
| 22:09 | Build | Archery Range |
| 22:31 | Create | Villager (Male) |
| 23:29 | Age | Castle Age |
| 23:40 | Create | Villager (Male) |
| 23:46 | Create | Knight |
| 23:47 | Create | Knight |
| 23:47 | Create | Knight |
| 23:48 | Create | Knight |
| 24:00 | Build | Lumber Camp |
| 24:14 | Research | Crossbowman (upgrade) |
| 24:25 | Research | Elite Skirmisher (upgrade) |
| 24:30 | Create | Villager (Male) |
| 24:31 | Create | Villager (Male) |
| 24:34 | Research | Wheelbarrow |
| 24:36 | Create | Villager (Male) |
| 25:01 | Create | Villager (Male) |
| 25:11 | Create | Villager (Male) |
| 25:24 | Create | Villager (Male) |
| 25:30 | Create | Knight |
| 25:30 | Create | Knight |
| 25:54 | Build | Siege Workshop |
| 26:00 | Research | Scale Barding Armor |
| 26:02 | Research | Forging |
| 26:07 | Create | Villager (Male) |
| 26:50 | Create | Mangonel |
| 27:03 | Create | Villager (Male) |
| 27:12 | Build | Mining Camp |
| 27:33 | Create | Villager (Male) |
Match timeline
| 8:00 | fede86sando · first_building Barracks |
| 8:34 | Manu · first_building Barracks |
| 8:37 | Cuore_Punk · first_building Barracks |
| 9:03 | Manu · wall_segment Palisade Wall x8 |
| 9:36 | fede86sando · wall_segment Palisade Wall x7 |
| 9:40 | Manu · wall_segment Palisade Wall x6 |
| 9:47 | Manu · wall_segment Palisade Wall x9 |
| 10:01 | fede86sando · age_up feudal |
| 10:17 | jxst_flxsh38 · age_up feudal |
| 10:18 | Manu · wall_segment Palisade Wall x12 |
| 10:30 | Cuore_Punk · age_up feudal |
| 10:35 | Manu · age_up feudal |
| 10:41 | jxst_flxsh38 · first_building Stable |
| 11:02 | Manu · first_building Archery Range |
| 11:26 | Cuore_Punk · first_building Stable |
| 11:29 | fede86sando · wall_segment Palisade Wall x6 |
| 11:58 | Manu · wall_segment Palisade Wall x10 |
| 13:06 | fede86sando · first_building Archery Range |
| 14:43 | fede86sando · wall_segment Palisade Wall x20 |
| 15:01 | fede86sando · wall_segment Palisade Wall x15 |
| 15:10 | Cuore_Punk · first_building Archery Range |
| 15:18 | fede86sando · wall_segment Palisade Wall x1 |
| 20:56 | jxst_flxsh38 · age_up castle |
| 21:03 | Manu · wall_segment Palisade Wall x1 |
| 23:11 | fede86sando · age_up castle |
| 23:26 | Manu · age_up castle |
| 23:29 | Cuore_Punk · age_up castle |
| 24:05 | Cuore_Punk · first_market_buy 100 food |
| 24:09 | Cuore_Punk · first_market_sell 100 food |
| 25:41 | Manu · first_building Monastery |
| 25:52 | fede86sando · first_market_buy 100 stone |
| 25:54 | Cuore_Punk · first_building Siege Workshop |
| 25:58 | fede86sando · first_building Castle |
| 28:23 | Manu · first_market_sell 100 wood |
| 31:47 | Manu · age_up imperial |
| 33:37 | fede86sando · first_market_sell 100 wood |
| 35:12 | Cuore_Punk · first_building Monastery |
| 35:24 | Cuore_Punk · first_building Castle |
| 37:37 | Cuore_Punk · resign |
[ AI ANALYSIS · 1 CREDIT ]
What really happened in this match?
Wolo.gg analyzes every decision: build order, eco, micro, common mistakes by bracket. Personalized analysis on WhatsApp or Discord in 30 seconds.
Civ guide
Britons
Map guide
Arabia
Perfil
Manu